 Dungeon Crawl Stone Soup version 0.29.0-4-gdea44cf6ec (webtiles) character file.

Game seed: 6460754683795753854

1173 qw the Cleaver (level 8, -2/48 HPs)
             Began as a Tengu Warper on Aug 28, 2022.
             Was a Follower of Okawaru.
             Slain by an iguana (5 damage)
             ... on level 6 of the Dungeon.
             The game lasted 00:00:34 (5386 turns).

qw the Cleaver (Tengu Warper)                       Turns: 5386, Time: 00:00:34

Health: -2/48      AC:  9    Str: 13    XL:     8   Next: 41%
Magic:  11/12      EV: 16    Int: 14    God:    Okawaru [*.....]
Gold:   298        SH:  0    Dex: 14    Spells: 11/11 levels left

rFire   + . .      SeeInvis .   Y - +2 hand axe (venom)
rCold   . . .      Faith    .   (no shield)
rNeg    . . .      Spirit   .   l - +0 ring mail
rPois   .          Reflect  .   c - +2 hat {Will+}
rElec   .          Harm     .   (no cloak)
rCorr   .          Rampage  .   g - +0 pair of gloves
Will    +....                   (boots unavailable)
Stlth   ++........              (no amulet)
HPRegen 0.16/turn               o - ring of protection from fire
MPRegen 0.13/turn               (no ring)

@: about to teleport, heroic, flying quickly and evasively, quick
A: beak, talons 3, nimble flight
a: Renounce Religion, Heroism


You were on level 6 of the Dungeon.
You worshipped Okawaru.
Okawaru was aware of your devotion.
You visited 1 branch of the dungeon, and saw 6 of its levels.

You collected 298 gold pieces.


Innate Abilities, Weirdness & Mutations

You have a beak for a mouth.
You have claws for feet.
Your magical nature lets you fly swiftly and evasively.


   Skills:
 - Level 4.0(9.0) Fighting
 - Level 9.0(14.0) Axes
 - Level 1.0(6.0) Throwing
 + Level 1.1(6.1) Armour
 - Level 3.0(8.0) Dodging
 - Level 2.0 Spellcasting
 - Level 2.4 Translocations
 + Level 3.3 Invocations


You had 11 spell levels left.
You didn't know any spells.
Your spell library contained the following spells:

 Spells                   Type           Power      Damage    Failure   Level
 Blink                    Tloc           16%        N/A       26%         2
 Gell's Gravitas          Tloc           8%         N/A       45%         3
 Lesser Beckoning         Tloc           8%         N/A       45%         3
 Teleport Other           Tloc           8%         N/A       45%         3
 Manifold Assault         Tloc           8%         N/A       99%         5

Inventory:

Hand Weapons
 d - a +0 flail
 Y - a +2 hand axe of venom (weapon)
Armour
 c - a +2 hat of willpower (worn)
 g - a +0 pair of gloves (worn)
 l - a +0 ring mail (worn)
Jewellery
 o - a ring of protection from fire (left hand)
Scrolls
 a - a scroll of identify
Potions
 b - a potion of might
 e - 2 potions of curing
 f - a potion of resistance {unknown}
 h - a potion of magic {unknown}
 i - a potion of heal wounds {unknown}
 j - a potion of mutation {unknown}
 k - a potion of ambrosia {unknown}

Dungeon Overview and Level Annotations

Branches:
Dungeon (6/15)             Temple (0/1) D:6

Altars:
Cheibriados
Okawaru
Sif Muna


Message History

You claw the orc warrior, but do no damage.
You peck the orc warrior, but do no damage.
The orc warrior is heavily wounded.
You closely miss something. You hit the orc. The orc barely misses you.
Something hits you but does no damage.
The orc warrior hits you with a +0 broad axe!!
You hit the orc warrior but do no damage.
Your peck misses the orc warrior.
The orc warrior is severely wounded.
You closely miss the orc. x2; You hit something.
The orc hits you but does no damage. The orc misses you.
The orc warrior hits you with a +0 broad axe.
Something hits you but does no damage.
You barely miss the orc warrior.
You claw the orc warrior, but do no damage.
The orc warrior is severely wounded.
You closely miss the orc. You hit something. You hit the orc.
The orc looks as sick as possible!
You hit the orc warrior but do no damage.
The orc warrior looks as sick as possible!
Your kick misses the orc warrior.
You peck the orc warrior, but do no damage.
Your punch misses the orc warrior.
The orc warrior is almost dead.
You hit something. You hit the orc.
You kill the orc!
You hit the orc. The orc hits you but does no damage.
Something barely misses you.
The orc warrior hits you with a +0 broad axe!
The orc throws a boomerang.
The boomerang hits you.
Your base Fighting skill increases to level 4!
5386 ||| READING scroll of teleportation.
As you read the scroll of teleportation, it crumbles to dust.
You feel strangely unstable. Okawaru accepts your kill.
Reactivating autopickup.
You feel a bit more experienced.
The orc warrior hits you with a +0 broad axe!
The orc hits you but does no damage. The iguana bites you.
You die...

.7..7 ..# 7...7.7 . .#
7.. ..7. 7...#
..7.7...7.7.#
7..7..7..7.# 7...7o7..#
.7..7o).### #
7.7...lo).# # #.
7.##.o@..## #.
#.####.........##.# #
#.. ...##.##.<........
8.#>..##.##.##.....###..
.........)).......## #
>.8..###.#).##..#.#
.....###.#.....###.#
8.#............# #.#
#....##.##.<...# ##


You could see an orc warrior (extremely poisoned), an iguana, an orc wizard and
2 orcs.

Vanquished Creatures
  An ice beast (D:5)
  A centaur (D:5)
  A phantom (D:4)
  A kobold brigand (D:6)
  A scorpion (D:6)
  6 killer bees (D:5)
  A howler monkey (D:5)
  3 hounds
  Ijyb (D:3)
  4 iguanas
  4 orc wizards
  8 adders
  2 white imps (D:5)
  3 ufetubi
  5 dart slugs
  10 orcs
  6 endoplasms
  A giant cockroach (D:1)
  12 goblins
  11 hobgoblins
  9 jackals
  4 quokkas
  8 ball pythons
  6 bats
  4 frilled lizards
  10 kobolds
  10 rats
133 creatures vanquished.

Vanquished Creatures (others)
  6 fungi (D:5)
  3 toadstools (D:5)
9 creatures vanquished.

Grand Total: 142 creatures vanquished

Notes
Turn   | Place    | Note
-------+----------+-------------------------------------------
     0 | D:1      | qw the Tengu Warper began the quest for the Orb.
     0 | D:1      | Reached XP level 1. HP: 12/12 MP: 4/4
     0 | D:1      | 0 ||| qw: Version: 0.1-a-89-g26bdef1
     0 | D:1      | 0 ||| qw: Game counter: 1650
     0 | D:1      | 0 ||| qw: Always use a shield: true
     0 | D:1      | 0 ||| qw: God list: Okawaru
     0 | D:1      | 0 ||| qw: Allow faded altars: false
     0 | D:1      | 0 ||| qw: Do Orc after D:15 true
     0 | D:1      | 0 ||| qw: Do second Lair branch before Depths: true
     0 | D:1      | 0 ||| qw: Lair rune preference: random
     0 | D:1      | 0 ||| qw: Plans: Normal
     0 | D:1      | 0 ||| PLANNING D:1-11
   192 | D:1      | Reached XP level 2. HP: 17/17 MP: 6/6
   232 | D:1      | Reached skill level 3 in Axes
   313 | D:1      | 313 ||| Stepping ~*~*~tactically~*~*~ (stealth).
   435 | D:1      | 435 ||| Stepping ~*~*~tactically~*~*~ (stealth).
   443 | D:1      | Reached XP level 3. HP: 17/21 MP: 7/7
   537 | D:1      | 537 ||| Stepping ~*~*~tactically~*~*~ (stealth).
   538 | D:1      | 538 ||| Stepping ~*~*~tactically~*~*~ (stealth).
   553 | D:1      | Reached skill level 4 in Axes
   554 | D:1      | 554 ||| Stepping ~*~*~tactically~*~*~ (stealth).
   555 | D:1      | 555 ||| Stepping ~*~*~tactically~*~*~ (stealth).
   821 | D:1      | Found a faded altar of an unknown god.
   834 | D:1      | 834 ||| DROPPING +0 club.
   989 | D:1      | 989 ||| Stepping ~*~*~tactically~*~*~ (stealth).
   991 | D:1      | 991 ||| Stepping ~*~*~tactically~*~*~ (stealth).
   993 | D:1      | 993 ||| Stepping ~*~*~tactically~*~*~ (hiding).
   994 | D:1      | 994 ||| Stepping ~*~*~tactically~*~*~ (hiding).
   995 | D:1      | 995 ||| Stepping ~*~*~tactically~*~*~ (hiding).
   996 | D:1      | 996 ||| Stepping ~*~*~tactically~*~*~ (hiding).
   997 | D:1      | 997 ||| Stepping ~*~*~tactically~*~*~ (hiding).
  1077 | D:1      | 1077 ||| UPGRADING to +0 ring mail.
  1087 | D:1      | 1087 ||| DROPPING +0 leather armour.
  1088 | D:1      | 1088 ||| READING 2 scrolls labelled MYXANG LAEGO.
  1089 | D:1      | 1089 ||| READING scroll labelled QEMIRY MUCHI.
  1090 | D:1      | 1090 ||| READING scroll labelled UMEUTA FE RYUB.
  1091 | D:1      | 1091 ||| READING scroll labelled DOJUAK ETRUWI.
  1094 | D:1      | 1094 ||| DRINKING 2 orange potions.
  1095 | D:1      | 1095 ||| DROPPING scroll of blinking.
  1096 | D:1      | 1096 ||| DROPPING potion of flight.
  1186 | D:2      | 1186 ||| Stepping ~*~*~tactically~*~*~ (stealth).
  1192 | D:2      | 1192 ||| Stepping ~*~*~tactically~*~*~ (stealth).
  1258 | D:2      | Reached XP level 4. HP: 26/26 MP: 8/8
  1377 | D:2      | 1377 ||| Stepping ~*~*~tactically~*~*~ (stealth).
  1452 | D:2      | Reached skill level 5 in Axes
  1552 | D:2      | Found a shimmering blue altar of Sif Muna.
  1838 | D:2      | 1838 ||| UPGRADING to +0 pair of gloves.
  1843 | D:2      | 1843 ||| READING scroll labelled MEWNET CEBLIOJE.
  1843 | D:2      | Identified a scroll of acquirement
  1843 | D:2      | 1843 ||| ACQUIRING +2 hat of willpower
  1843 | D:2      | Acquired a +2 hat of willpower
  1845 | D:2      | 1845 ||| UPGRADING to +2 hat of willpower.
  1850 | D:2      | 1850 ||| READING scroll labelled KUOMUSA RASSIT.
  1851 | D:2      | 1851 ||| READING scroll labelled PEQIMUJ VAZOC.
  1852 | D:2      | 1852 ||| DRINKING 4 bubbling clear potions.
  1853 | D:2      | 1853 ||| DROPPING 3 potions of attraction.
  2002 | D:3      | 2002 ||| Stepping ~*~*~tactically~*~*~ (stealth).
  2023 | D:3      | 2023 ||| Stepping ~*~*~tactically~*~*~ (stealth).
  2024 | D:3      | 2024 ||| Stepping ~*~*~tactically~*~*~ (stealth).
  2077 | D:3      | 2077 ||| Stepping ~*~*~tactically~*~*~ (stealth).
  2092 | D:3      | Gained mutation: Your magical nature lets you fly swiftly
                  | and evasively. [Tengu growth]
  2092 | D:3      | Reached XP level 5. HP: 30/30 MP: 9/9
  2168 | D:3      | 2168 ||| Stepping ~*~*~tactically~*~*~ (hiding).
  2333 | D:3      | Noticed Ijyb
  2345 | D:3      | Killed Ijyb
  2346 | D:3      | Reached skill level 6 in Axes
  2550 | D:3      | 2550 ||| READING scroll labelled WYATES APAR.
  2593 | D:4      | Noticed a phantom
  2606 | D:4      | Killed a phantom
  2607 | D:4      | Reached XP level 6. HP: 29/35 MP: 10/10
  2768 | D:4      | 2768 ||| Stepping ~*~*~tactically~*~*~ (hiding).
  2959 | D:4      | Reached skill level 7 in Axes
  2972 | D:4      | Found an iron altar of Okawaru.
  2981 | D:4      | 2981 ||| Stepping ~*~*~tactically~*~*~ (stealth).
  2990 | D:4      | 2990 ||| Stepping ~*~*~tactically~*~*~ (stealth).
  2992 | D:4      | 2992 ||| Stepping ~*~*~tactically~*~*~ (stealth).
  3007 | D:4      | Became a worshipper of Warmaster Okawaru
  3012 | D:4      | 3012 ||| DROPPING +0 whip.
  3030 | D:4      | 3030 ||| Stepping ~*~*~tactically~*~*~ (stealth).
  3033 | D:4      | 3033 ||| Stepping ~*~*~tactically~*~*~ (stealth).
  3035 | D:4      | 3035 ||| Stepping ~*~*~tactically~*~*~ (stealth).
  3037 | D:4      | 3037 ||| Stepping ~*~*~tactically~*~*~ (stealth).
  3048 | D:4      | Reached skill level 3 in Fighting
  3391 | D:4      | 3391 ||| Stepping ~*~*~tactically~*~*~ (hiding).
  3411 | D:4      | Found a shimmering blue altar of Sif Muna.
  3427 | D:4      | 3427 ||| Stepping ~*~*~tactically~*~*~ (cloud).
  3437 | D:4      | Reached XP level 7. HP: 21/41 MP: 11/11
  3685 | D:4      | 3685 ||| DRINKING 2 sedimented grey potions.
  3686 | D:4      | 3686 ||| READING 2 scrolls of identify.
  3686 | D:4      | 3686 ||| IDENTIFYING sapphire potion
  3697 | D:5      | Entered Level 5 of the Dungeon
  3777 | D:5      | Reached * piety under Okawaru
  3778 | D:5      | Reached skill level 8 in Axes
  4031 | D:5      | 4031 ||| Stepping ~*~*~tactically~*~*~ (stealth).
  4032 | D:5      | 4032 ||| Stepping ~*~*~tactically~*~*~ (stealth).
  4034 | D:5      | 4034 ||| FLEEEEING.
  4035 | D:5      | 4035 ||| FLEEEEING.
  4036 | D:5      | 4036 ||| FLEEEEING.
  4037 | D:5      | 4037 ||| FLEEEEING.
  4038 | D:5      | 4038 ||| FLEEEEING.
  4039 | D:5      | 4039 ||| FLEEEEING.
  4040 | D:5      | 4040 ||| FLEEEEING.
  4041 | D:5      | 4041 ||| FLEEEEING.
  4042 | D:5      | 4042 ||| FLEEEEING.
  4059 | D:5      | 4059 ||| INVOKING Heroism.
  4190 | D:5      | Reached skill level 3 in Dodging
  4307 | D:5      | 4307 ||| Stepping ~*~*~tactically~*~*~ (hiding).
  4504 | D:5      | 4504 ||| Stepping ~*~*~tactically~*~*~ (stealth).
  4512 | D:5      | 4512 ||| INVOKING Heroism.
  4518 | D:5      | Reached skill level 1 in Invocations
  4527 | D:5      | Reached XP level 8. HP: 26/46 MP: 10/12
  4534 | D:5      | 4534 ||| Stepping ~*~*~tactically~*~*~ (stealth).
  4587 | D:5      | 4587 ||| INVOKING Heroism.
  4881 | D:5      | 4881 ||| Stepping ~*~*~tactically~*~*~ (hiding).
  4890 | D:5      | Reached skill level 9 in Axes
  5041 | D:5      | Found a snail-covered altar of Cheibriados.
  5248 | D:5      | 5248 ||| UPGRADING to ring of protection from fire.
  5249 | D:5      | 5249 ||| READING scroll labelled CYNEUT CU XEVOP.
  5266 | D:6      | 5266 ||| INVOKING Heroism.
  5272 | D:6      | Reached skill level 3 in Invocations
  5288 | D:6      | Found a staircase to the Ecumenical Temple.
  5365 | D:6      | 5365 ||| READING scroll of enchant weapon.
  5365 | D:6      | 5365 ||| ENCHANTING +1 hand axe of venom.
  5369 | D:6      | 5369 ||| Stepping ~*~*~tactically~*~*~ (hiding).
  5370 | D:6      | 5370 ||| Stepping ~*~*~tactically~*~*~ (hiding).
  5371 | D:6      | 5371 ||| Stepping ~*~*~tactically~*~*~ (hiding).
  5372 | D:6      | 5372 ||| Stepping ~*~*~tactically~*~*~ (hiding).
  5373 | D:6      | 5373 ||| INVOKING Heroism.
  5375 | D:6      | 5375 ||| Stepping ~*~*~tactically~*~*~ (hiding).
  5376 | D:6      | 5376 ||| Stepping ~*~*~tactically~*~*~ (hiding).
  5377 | D:6      | 5377 ||| Stepping ~*~*~tactically~*~*~ (hiding).
  5385 | D:6      | HP: 11/48 [orc warrior/+0 broad axe (15)]
  5386 | D:6      | 5386 ||| READING scroll of teleportation.
  5386 | D:6      | HP: 3/48 [orc warrior/+0 broad axe (7)]
  5386 | D:6      | Slain by an iguana

Levels and vault maps discovered:
D:1:      dpeg_arrival_arbitrary_a, layout_rooms, basic_ecumenical_altar,
          minmay_vboxes
D:2:      layout_basic, basic_altar
D:3:      layout_basic, uniq_ijyb
D:4:      layout_loops_cross, okawaru_trees_1, led_sif_book
D:5:      layout_loops_cross, mainiacjoe_overflow_concentric_impassable,
          minmay_gold_behind_fungi
D:6:      layout_loops_cross, minmay_overflow_temple_star_quad,
          lemuel_tele_altar, minmay_temple_entry_statues_pillars,
          kennysheep_doodads, dk_rats_in_the_wall, uniq_menkaure

Skill      XL: |  1  2  3  4  5  6  7  8 |
---------------+-------------------------+-----
Axes           | 3 4 5 6 7 8 9 |  9.0
Fighting       | 3 4 |  4.0
Dodging        | 3 |  3.0
Invocations    | 2 3 |  3.3
Throwing       | |  1.0
Armour         | |  1.1
Spellcasting   | |  2.0
Translocations | |  2.4

Action                   |  1- 3 |  4- 6 |  7- 9 || total
-------------------------+-------+-------+-------++-------
Melee: Hand axe          |    94 |   124 |   105 ||   323
       Kick              |    23 |    37 |    28 ||    88
       Peck              |     9 |    14 |    12 ||    35
       Punch             |       |     2 |       ||     2
Throw: Boomerang         |     7 |       |       ||     7
       Javelin           |       |     8 |     1 ||     9
Invok: Heroism           |       |       |     5 ||     5
  Use: Scroll            |     4 |     4 |     4 ||    12
       Potion            |     1 |     1 |     1 ||     3
Armor: Leather armour    |    16 |       |       ||    16
       Ring mail         |    10 |    37 |    29 ||    76
Dodge: Dodged            |    46 |    67 |    58 ||   171

Table legend:
 A = Non-vault XP
 B = Vault XP
 C = Vault XP percentage of total XP
 D = Non-vault monster count
 E = Vault monster count
 F = Vault count percentage of total count
                 A         B        C        D         E       F
            +---------+---------+-------+---------+---------+-------
      Total |    1598 |     113 |   6.6 |     123 |      10 |   7.5
            +---------+---------+-------+---------+---------+-------
        D:1 |      46 |      11 |  19.3 |      29 |       7 |  19.4
        D:2 |      70 |       0 |   0.0 |      20 |       0 |   0.0
        D:3 |      64 |      38 |  37.3 |      17 |       1 |   5.6
        D:4 |     339 |      64 |  15.9 |      27 |       2 |   6.9
        D:5 |     817 |       0 |   0.0 |      19 |       0 |   0.0
        D:6 |     262 |       0 |   0.0 |      11 |       0 |   0.0
            +---------+---------+-------+---------+---------+-------
